 Dungeon Crawl Stone Soup version 0.19.0 (webtiles) character file.

18316 Korbac the Carver (level 12, -19/94 HPs)
             Began as a Human Fighter on Nov 1, 2016.
             Was a High Priest of the Shining One.
             Killed from afar by a deep elf mage (25 damage)
             ... with a bolt of cold
             ... on level 13 of the Dungeon.
             The game lasted 01:11:46 (16933 turns).

Korbac the Carver (Human Fighter)                  Turns: 16933, Time: 01:11:47

Health: -19/94     AC: 16    Str: 21    XL:     12   Next: 93%
Magic:  0/12       EV: 12    Int:  8    God:    the Shining One [*****.]
Gold:   477        SH: 18    Dex: 16    Spells: 0 memorised, 11 levels left

rFire  + . .     SeeInvis .     W - +2 falchion (holy)
rCold  . . .     Gourm    .     b - +1 ring mail "Pon Nyle" {rElec rN++ rCorr Int-5}
rNeg   + + +     Faith    .     c - +0 shield
rPois  .         Spirit   +     K - +0 helmet
rElec  +         Reflect  .     I - +2 cloak
rCorr  +         Harm     .     l - +0 pair of gloves
MR     .....                    (no boots)
Stlth  +.........               g - amulet of guardian spirit
                                z - +3 ring of strength
                                q - +2 ring of protection

@: divine shield, glowing
A: agile 1, clever 2, fire resistance 1, weak 1
a: Divine Shield, Cleansing Flame, Summon Divine Warrior, Renounce Religion


You were on level 13 of the Dungeon.
You worshipped the Shining One.
The Shining One was extremely pleased with you.
You were not hungry.

You visited 4 branches of the dungeon, and saw 16 of its levels.

You collected 477 gold pieces.

Inventory:

Hand Weapons
 a - a +0 great sword
 v - a +5 long sword
 W - a +2 falchion of holy wrath (weapon)
Missiles
 j - 132 bolts
 U - 3 javelins of returning (quivered)
Armour
 b - the +1 ring mail "Pon Nyle" (worn) {rElec rN++ rCorr Int-5}
   (You found it on level 12 of the Dungeon)

   It affects your intelligence (-5).
   It insulates you from electricity.
   It greatly protects you from negative energy.
   It protects you from acid and corrosion.
 c - a +0 shield (worn)
 l - a +0 pair of gloves (worn)
 I - a +2 cloak (worn)
 K - a +0 helmet (worn)
 M - a +2 chain mail of poison resistance
 P - a +1 chain mail of fire resistance
 Y - a +0 troll leather armour
Rods
 k - a +0 iron rod (14/14)
   (You found it on level 5 of the Dungeon)
Jewellery
 g - an amulet of guardian spirit (around neck)
 h - an uncursed ring of see invisible
 n - a cursed amulet of inaccuracy
 q - a +2 ring of protection (left hand)
 u - an uncursed ring of fire
 y - an uncursed amulet of the gourmand
 z - a +3 ring of strength (right hand)
 B - an uncursed ring of stealth
 G - an uncursed ring of positive energy
Wands
 d - a wand of confusion (29/48)
 e - a wand of flame (29/48)
 i - a wand of random effects (44/48)
 o - a wand of polymorph (9/24)
 L - a wand of flame (10/48)
 Q - a wand of disintegration (10/24)
 T - a wand of flame (8/48)
 X - a wand of polymorph (17/24)
Scrolls
 f - a scroll of amnesia
 x - a scroll of recharging
 J - a scroll of noise
 N - a scroll of random uselessness
 S - 2 scrolls of remove curse
Potions
 s - 3 potions of curing
 D - a potion of might
 F - 3 potions of haste
 O - 8 potions of degeneration
 R - 2 potions of lignification {unknown}
Books
 A - a book of Geomancy

   Spells                             Type                      Level
   a - Sandblast                      Earth                        1
   b - Passwall                       Transmutation/Earth          2
   c - Stone Arrow                    Conjuration/Earth            3
   d - Petrify                        Transmutation/Earth          4
   e - Lee's Rapid Deconstruction     Earth                        5
 C - a book of Necromancy

   Spells                             Type                      Level
   a - Pain                           Necromancy                   1
   b - Animate Skeleton               Necromancy                   1
   c - Vampiric Draining              Necromancy                   3
   d - Regeneration                   Charms/Necromancy            3
   e - Animate Dead                   Necromancy                   4
   f - Control Undead                 Necromancy                   4
   The Shining One disapproves of the use of such an item.
 H - a book of Misfortune

   Spells                             Type                      Level
   a - Confusing Touch                Hexes                        1
   b - Confuse                        Hexes                        3
   c - Gell's Gravitas                Hexes/Translocation          3
   d - Petrify                        Transmutation/Earth          4
   e - Metabolic Englaciation         Hexes/Ice                    5
   f - Yara's Violent Unravelling     Hexes/Transmutation          5
 V - a book of Changes

   Spells                             Type                      Level
   a - Beastly Appendage              Transmutation                1
   b - Sticks to Snakes               Transmutation                2
   c - Spider Form                    Transmutation/Poison         3
   d - Ice Form                       Ice/Transmutation            4
   e - Blade Hands                    Transmutation                5
Comestibles
 p - 5 beef jerkies
 r - a meat ration
 w - 2 bread rations
 E - 3 slices of pizza


   Skills:
 * Level 8.6 Fighting
 * Level 12.9 Long Blades
 * Level 9.1 Armour
 + Level 3.9 Dodging
 * Level 10.3 Shields
 + Level 0.2 Invocations


You had 11 spell levels left.
You didn't know any spells.

Dungeon Overview and Level Annotations

Branches:
Dungeon (13/15)            Temple (1/1) D:7            Lair (1/6) D:10
    Orc (1/2) D:11
 Vaults: D:13-14

Altars:
Ashenzari
Cheibriados
Dithmenos
Elyvilon
Fedhas
Gozag
Hepliaklqana
Kikubaaqudgha
Makhleb
Okawaru
Qazlal
Ru
Sif Muna
Trog
Uskayaw
Vehumet
Xom
Yredelemnul
Zin
The Shining One

Portals:
Bailey: D:13

Annotations:
D:3 Pikel
D:6 Gekot's ghost, novice FoFi


Innate Abilities, Weirdness & Mutations

You are agile. (Dex +2)
Your mind is very acute. (Int +4)
Your flesh is heat resistant. (rF+)
You are weak. (Str -2)


Message History

You hit the centaur warrior.
The centaur warrior is almost dead.
The centaur warrior hits you!
* * * LOW HITPOINT WARNING * * *
You completely miss the centaur warrior.
The centaur warrior is almost dead.
The centaur warrior hits you.
* * * LOW HITPOINT WARNING * * *
You slash the centaur warrior!
The centaur warrior is almost dead.
You block the centaur warrior's attack.
You hit the centaur warrior.
You kill the centaur warrior!
You see here 2 arrows.
A deep elf mage comes into view. It is wielding a dagger.
The deep elf mage shouts!
A phantom comes into view.
The deep elf mage gestures at you while chanting.
The bolt of cold hits you!
You die...

#c....$.***,,,,,,,,*
#.......+,#........#
ccc.....*,+......W.#
#c......**#........#
*.......* #........#
*.......* #........#
*.......* #.......e#
*#####+#* #........#
***,,,* #.....@..#
**,,,*** #######.##
*,,*** #####..### *,**
#........# *+****
#........# ,,,,,*
#......(.# ,,,,,*
#.....(..#
,,,>,*******#........#
,,,,,+,,,,,*#...)....#


You could see a deep elf mage and a phantom.

Vanquished Creatures
  Josephine (D:11)
  2 centaur warriors
  An unseen horror (D:12)
  2 hill giants
  An ugly thing (D:11)
  2 cyclopes (D:11)
  A manticore (D:11)
  A spiny frog (D:10)
  A kobold demonologist (D:11)
  A troll (D:13)
  4 slime creatures
  A meliai zombie (D:10)
  2 hippogriffs
  4 wraiths
  A wyvern (D:12)
  19 yaks
  4 vampire mosquitoes
  A hungry ghost (D:8)
  Edmund (D:4)
  A soldier ant (D:10)
  Duvessa (D:6)
  8 orc warriors
  A swamp drake (D:11)
  A porcupine (D:10)
  2 sky beasts (D:11)
  4 phantoms
  4 slaves
  4 ice beasts
  3 black bears
  6 ogres
  A necrophage (D:9)
  8 centaurs
  A crocodile (D:8)
  3 big kobolds
  A wyvern zombie (D:8)
  10 bullfrogs
  2 scorpions
  Dowan (D:5)
  6 killer bees
  3 wights (D:5)
  7 crimson imps
  A quasit (D:7)
  A bullfrog zombie (D:10)
  3 jellies
  3 bullfrog skeletons
  A centaur skeleton (D:7)
  A gnoll shaman (D:10)
  14 orc priests
  5 hounds
  7 orc wizards
  4 iguanas
  16 worker ants
  A killer bee zombie (D:6)
  A hound zombie (D:5)
  9 gnolls
  9 adders
  3 oozes
  2 adder skeletons (D:6)
  An adder zombie (D:7)
  2 worms
  A dart slug (D:1)
  4 leopard geckos
  55 orcs
  A ball python (D:3)
  3 bats
  5 giant cockroaches
  7 goblins
  6 hobgoblins
  7 jackals
  5 quokkas
  A ball python zombie (D:5)
  6 frilled lizards
  25 kobolds
  4 rats
342 creatures vanquished.

Notes
Turn   | Place    | Note
-------+----------+-------------------------------------------
     0 | D:1      | Korbac the Human Fighter began the quest for the Orb.
     0 | D:1      | Reached XP level 1. HP: 18/18 MP: 1/1
    76 | D:1      | Reached XP level 2. HP: 24/24 MP: 2/2
   832 | D:2      | Reached XP level 3. HP: 28/29 MP: 3/3
  1222 | D:2      | Found a faded altar of an unknown god.
  1462 | D:3      | Found a glowing golden altar of the Shining One.
  1464 | D:3      | Found an ancient bone altar of Kikubaaqudgha.
  1464 | D:3      | Found a basalt altar of Yredelemnul.
  1464 | D:3      | Found a bloodstained altar of Trog.
  1468 | D:3      | Became a worshipper of the Shining One
  1675 | D:3      | Reached XP level 4. HP: 29/35 MP: 4/4
  1733 | D:3      | Noticed an ice beast
  1749 | D:3      | Killed an ice beast
  1749 | D:3      | Reached XP level 5. HP: 30/41 MP: 5/5
  2050 | D:3      | Reached skill level 3 in Long Blades
  2133 | D:4      | Noticed a slave
  2133 | D:4      | Noticed a slave
  2151 | D:4      | Noticed Edmund
  2154 | D:4      | Noticed a slave
  2176 | D:3      | Killed a slave
  2591 | D:4      | Noticed Pikel
  2594 | D:4      | Noticed a slave
  2739 | D:4      | Gained mutation: You are dopey. (Int -2) [potion of mutation]
  2739 | D:4      | Lost mutation: You are dopey. (Int -2) [potion of mutation]
  2739 | D:4      | Gained mutation: You are agile. (Dex +2) [potion of mutation]
  3142 | D:4      | Killed a slave
  3255 | D:4      | Killed a slave
  3426 | D:4      | Reached XP level 6. HP: 3/48 MP: 1/6
  3730 | D:4      | Killed a slave
  3747 | D:4      | Killed Edmund
  3747 | D:4      | Reached skill level 1 in Dodging
  4213 | D:4      | Reached skill level 4 in Long Blades
  4215 | D:4      | Reached XP level 7. HP: 53/53 MP: 7/7
  4599 | D:5      | Entered Level 5 of the Dungeon
  4650 | D:5      | Reached skill level 5 in Shields
  4735 | D:5      | Reached skill level 5 in Long Blades
  4784 | D:5      | Noticed Duvessa
  4784 | D:5      | Noticed Dowan
  5050 | D:4      | Reached XP level 8. HP: 46/60 MP: 8/8
  5277 | D:5      | Killed Dowan
  5317 | D:6      | Killed Duvessa
  5317 | D:6      | Reached skill level 5 in Armour
  5691 | D:6      | Reached * piety under the Shining One
  5691 | D:6      | Reached skill level 6 in Long Blades
  5714 | D:6      | Noticed Gekot's ghost (novice FoFi)
  5730 | D:6      | The Shining One protects you from harm!
  7197 | D:5      | Reached XP level 9. HP: 66/66 MP: 9/9
  7206 | D:5      | Reached skill level 7 in Long Blades
  8091 | D:7      | Found a snail-covered altar of Cheibriados.
  8100 | D:7      | Reached skill level 5 in Fighting
  8148 | D:7      | Reached ** piety under the Shining One
  8171 | D:7      | Found a staircase to the Ecumenical Temple.
  8232 | D:7      | Noticed a hippogriff
  8240 | D:7      | Killed a hippogriff
  8410 | D:7      | Reached skill level 8 in Long Blades
  8998 | D:6      | Reached XP level 10. HP: 65/74 MP: 8/10
  9012 | D:6      | Reached skill level 9 in Long Blades
  9456 | Temple   | Entered the Ecumenical Temple
  9838 | D:8      | Reached *** piety under the Shining One
 10061 | D:8      | Reached skill level 10 in Long Blades
 10738 | D:9      | Noticed a centaur warrior
 10751 | D:9      | Killed a centaur warrior
 10751 | D:9      | Reached XP level 11. HP: 65/81 MP: 9/11
 11014 | D:10     | Entered Level 10 of the Dungeon
 11014 | D:10     | Noticed a hill giant
 11032 | D:9      | Killed a hill giant
 11616 | D:10     | Found a staircase to the Lair.
 11769 | D:10     | Reached **** piety under the Shining One
 11772 | D:10     | Reached skill level 11 in Long Blades
 12258 | Lair:1   | Entered Level 1 of the Lair of Beasts
 12651 | D:11     | Noticed a hill giant
 12660 | D:11     | Killed a hill giant
 12730 | D:11     | Noticed a cyan ugly thing
 12740 | D:11     | Killed a brown ugly thing
 12825 | D:11     | Noticed a hill giant
 13347 | D:11     | Found a stormy altar of Qazlal.
 13429 | D:11     | Noticed a cyclops
 13442 | D:11     | Killed a cyclops
 13649 | D:11     | Reached skill level 12 in Long Blades
 13671 | D:11     | Reached ***** piety under the Shining One
 13680 | D:11     | Found a staircase to the Orcish Mines.
 13716 | D:11     | Reached XP level 12. HP: 32/91 MP: 6/12
 14026 | Orc:1    | Entered Level 1 of the Orcish Mines
 14145 | D:11     | Found a basalt altar of Yredelemnul.
 14785 | D:12     | Noticed an unseen horror
 14830 | D:12     | Killed an unseen horror
 14837 | D:12     | Noticed Maurice
 14851 | D:12     | Noticed Maurice
 14851 | D:12     | Maurice changed into Maurice the wyvern
 14858 | D:12     | Killed Maurice the wyvern
 15654 | D:12     | Noticed Josephine
 15686 | D:11     | Gained mutation: Your flesh is heat resistant. (rF+) [potion of beneficial mutation]
 15744 | D:12     | Gained mutation: You are weak. (Str -2) [a neqoxec]
 15751 | D:11     | Killed Josephine
 15997 | D:11     | Noticed a sixfirhy
 16028 | D:11     | Gained mutation: Your mind is acute. (Int +2) [potion of mutation]
 16028 | D:11     | Gained mutation: Your mind is very acute. (Int +4) [potion of mutation]
 16064 | D:12     | Reached skill level 10 in Shields
 16462 | D:12     | Got a dazzling ring mail
 16478 | D:12     | Identified the cursed +1 ring mail "Pon Nyle" {rElec rN++ rCorr Int-5} (You found it on level 12 of the Dungeon)
 16827 | D:13     | Noticed a seven-headed hydra
 16829 | D:13     | Found a flagged portal.
 16891 | D:13     | Noticed a centaur warrior
 16898 | D:13     | Noticed a centaur warrior
 16924 | D:13     | HP: 4/94 [centaur warrior (4)]
 16926 | D:13     | Killed a centaur warrior
 16933 | D:13     | Killed from afar by a deep elf mage

Skill      XL: |  1  2  3  4  5  6  7  8  9 10 11 12 |
---------------+-------------------------------------+-----
Armour         | 4 5 6 7 8 9 |  9.1
Shields        | 4 5 6 7 9 10 | 10.3
Long Blades    | 3 4 5 6 8 10 12 | 12.9
Dodging        | 1 2 3 |  3.9
Fighting       | 4 5 6 7 8 |  8.6
Invocations    | |  0.2

Action                   |  1- 3 |  4- 6 |  7- 9 | 10-12 || total
-------------------------+-------+-------+-------+-------++-------
Melee: Long sword        |   102 |   242 |   416 |   533 ||  1293
       Falchion          |       |       |       |   305 ||   305
Throw: Javelin           |       |       |     5 |     3 ||     8
Invok: Divine Shield     |       |       |       |     1 ||     1
Evoke: Wand              |       |       |     1 |     7 ||     8
       Phantom mirror    |       |       |       |     1 ||     1
       Rod               |       |       |       |     1 ||     1
  Use: Scroll            |     1 |     7 |     8 |    13 ||    29
       Potion            |       |     8 |     1 |    10 ||    19
  Eat: Bread ration      |     1 |       |     1 |     3 ||     5
       Fruit             |       |     4 |     5 |     6 ||    15
       Pizza             |       |     1 |       |       ||     1
       Meat ration       |       |     1 |     1 |     2 ||     4
       Beef jerky        |       |       |     1 |     2 ||     3
Armor: Scale mail        |    45 |    88 |   155 |    40 ||   328
       Chain mail        |       |       |       |   231 ||   231
       Ring mail         |       |       |       |    39 ||    39
Dodge: Dodged            |    26 |    74 |   126 |   275 ||   501
Block: Shield            |    55 |   118 |   235 |   533 ||   941
       Rpst.: Long sword |     8 |    24 |    40 |    28 ||   100
       Falchion          |       |       |       |    31 ||    31
